 Dungeon Crawl Stone Soup version 0.32-a0-818-gb728d02 (webtiles) character file.

Game seed: 12238132463140341612

366 Dorkslayer the Sneak (level 6, 0/42 HPs)
             Began as an Octopode Fighter on Mar 23, 2024.
             Slain by an ice beast (8 damage)
             ... on level 4 of the Dungeon.
             The game lasted 00:07:37 (2765 turns).

Dorkslayer the Sneak (Octopode Fighter)             Turns: 2765, Time: 00:07:38

Health: 0/42       AC:  1    Str: 23    XL:     6   Next: 68%
Magic:  6/6        EV: 12    Int: 11    God:
Gold:   188        SH:  4    Dex: 11    Spells: 5/5 levels left

rFire   . . .        a - +0 war axe
rCold   . . .        b - +0 buckler
rNeg    . . .        (helmet restricted)
rPois   .            (no amulet)
rElec   .            m - +4 ring of slaying
rCorr   .            r - +6 ring of strength
SInv    .            (no ring)
Will    .....        (no ring)
Stlth   ++++         (no ring)
HPRegen 0.27/turn    (no ring)
MPRegen 0.10/turn    (no ring)
                     (no ring)

%: no passive effects
@: no status effects
A: almost no armour, amphibious, 8 rings, camouflage 1, gelatinous body 1,
(nimble swimmer 1), tentacles
a: no special abilities


You were on level 4 of the Dungeon.
You visited 1 branch of the dungeon, and saw 4 of its levels.

You collected 188 gold pieces.

Inventory:

Hand Weapons
 a - a +0 war axe (weapon)
Missiles
 e - 3 curare-tipped darts (quivered)
 p - 2 boomerangs
Armour
 b - a +0 buckler (worn)
Jewellery
 m - a +4 ring of slaying (left tentacle)
 r - a +6 ring of strength (right tentacle)
Talismans
 n - a flux talisman
 t - a storm talisman
Scrolls
 d - a scroll of blinking {unknown}
 f - 3 scrolls of teleportation {unknown}
 h - a scroll of immolation {unknown}
 l - a scroll of poison {unknown}
 o - a scroll of identify {unknown}
 s - a scroll of enchant armour {unknown}
Potions
 c - a potion of might
 g - 3 potions of curing {unknown}
 i - 2 potions of berserk rage {unknown}
 j - a potion of haste {unknown}
 k - 2 potions of mutation {unknown}
 q - a potion of cancellation {unknown}


   Skills:
 + Level 3.6 Fighting
 + Level 4.3 Axes
 + Level 3.5 Dodging
 + Level 4.6 Stealth
 + Level 3.5 Shields
 * Level 1.4 Shapeshifting


You had 5 spell levels left.
You didn't know any spells.
Your spell library contained the following spells:

 Spells                   Type           Power      Damage    Failure   Level
 Jinxbite                 Hex            0%         N/A       54%         2
 Yara's Violent Unravell  Hex/Alch       0%         3d3       100%        5
 Enfeeble                 Hex            0%         N/A       100%        7


Dungeon Overview and Level Annotations

Branches:
Dungeon (4/15)
 Temple: D:4-7

Altars:
Ru


Innate Abilities, Weirdness & Mutations

You cannot wear most types of armour.
You are amphibious.
You can wear up to eight rings at the same time.
Your skin changes colour to match your surroundings (Stealth+).
Your rubbery body absorbs attacks. (AC +1, EV +1)
((You are camouflaged when in or above water. (Stealth+)))
You have tentacles for arms and can constrict up to eight enemies at once.


Message History

Things that are here:
a +0 club; an orc skeleton
Things that are here:
a +0 club; an orc skeleton Natasha, Servant of Life and Death comes into view.
You hit Natasha. Your grab misses Natasha.
Natasha is moderately wounded.
Natasha claws you!
You slice Natasha!!
You kill Natasha!
Natasha yowls pathetically as she dies!
You see here the felid corpse of Natasha.
Found an escape hatch in the ceiling.
The helpless endoplasm fails to defend itself.
You hit the endoplasm.
You kill the endoplasm!
An ice beast comes into view.
Throw: 4 darts (curare)
Press: ? - help, Q - select action, (/) - cycle Shift-Dir - straight line, f - ice beast
Aim: an ice beast (wandering, hasn't noticed you, 59% to hit)
You throw a curare-tipped dart.
The curare-tipped dart hits the ice beast.
Unknown command.
You closely miss the ice beast. You squeeze the ice beast.
The ice beast is lightly wounded.
The ice beast hits you. The ice beast freezes you!
You slash the ice beast!
The ice beast is heavily wounded.
The ice beast hits you. The ice beast freezes you. The ice beast hits you.
The ice beast freezes you!
* * * LOW HITPOINT WARNING * * *
You closely miss the ice beast.
The ice beast is heavily wounded.
The ice beast barely misses you.
You closely miss the ice beast. You squeeze the ice beast!
The ice beast is severely wounded.
The ice beast hits you.
* * * LOW HITPOINT WARNING * * *
The ice beast freezes you!
You die...

.#..##.#####.###...# #>##
.#..##....##.......#### #..#
....##....##.#####....## ##.#
.#.#.......#.# #.....## #.#
.#.#.........# #......# #.#
.#.#.......#.#####(.....# ##.#
..........##.#........#.# ##...
.###.#...###...#Y..####.# ##.>..
.# #.##.##
###รท.@....##.####..... .###.##.#
#...%...##.......... .....##.#
#.......#######.....
........#######....### ##....
####...............###########...
# #..#...####..................#
####..###.# #...################
......# #.# ##.## ###########
####.## #.# #.# #..........


You could see an ice beast.

Vanquished Creatures
  Menkaure (D:4)
  A hound (D:4)
  A jelly (D:4)
  Natasha (D:4)
  6 adders
  3 dart slugs
  A ribbon worm (D:3)
  9 orcs (D:4)
  9 ball pythons
  8 endoplasms
  2 giant cockroaches (D:4)
  11 goblins
  8 hobgoblins
  4 jackals
  5 quokkas
  8 bats
  2 frilled lizards
  6 kobolds
  4 rats
90 creatures vanquished.

Notes
Turn   | Place    | Note
-------+----------+-------------------------------------------
     0 | D:1      | Dorkslayer the Octopode Fighter began the quest for the
                  | Orb.
     0 | D:1      | Reached XP level 1. HP: 16/16 MP: 1/1
   188 | D:1      | Reached XP level 2. HP: 21/21 MP: 2/2
   647 | D:1      | Reached XP level 3. HP: 20/26 MP: 3/3
   649 | D:1      | Reached skill level 1 in Stealth
   697 | D:1      | Found a faded altar of an unknown god.
  1082 | D:2      | Reached XP level 4. HP: 15/31 MP: 4/4
  1648 | D:3      | Reached XP level 5. HP: 19/36 MP: 5/5
  1734 | D:3      | Found a sacrificial altar of Ru.
  1742 | D:3      | Identified the +10 dagger "Teeschaiz" {freeze, rF+ Will++}
  2240 | D:4      | Noticed Menkaure
  2250 | D:4      | Killed Menkaure
  2251 | D:4      | Reached skill level 1 in Shapeshifting
  2251 | D:4      | Reached XP level 6. HP: 17/42 MP: 6/6
  2667 | D:4      | Noticed Natasha
  2670 | D:4      | Killed Natasha
  2753 | D:4      | Noticed an ice beast
  2765 | D:4      | Slain by an ice beast

Illustrated notes

Levels and vault maps discovered:
D:1:      mainiacjoe_arrival_oval_in_oval, layout_loops_corners,
          dilly_ecumenical_altar_fadedgnrine
D:2:      layout_basic, minmay_3d_cube
D:3:      layout_loops_ring, lemuel_round_altar
D:4:      layout_loops_ring, uniq_menkaure, uniq_natasha

Skill      XL: |  1  2  3  4  5 |
---------------+----------------+-----
Stealth        | 1 2 4 |  4.6
Axes           | 3 4 |  4.3
Shapeshifting  | 1 |  1.4
Fighting       | |  3.6
Dodging        | |  3.5
Shields        | |  3.5

Action                     |  1- 3 |  4- 6 || total
---------------------------+-------+-------++-------
  Melee: War axe           |    52 |    76 ||   128
         Constrict         |    14 |    18 ||    32
         Tentacles         |     9 |    12 ||    21
  Throw: Dart              |       |     1 ||     1
   Stab: Sleeping          |     6 |    15 ||    21
 Armour: Skin              |    22 |    31 ||    53
  Dodge: Dodged            |    35 |    30 ||    65
  Block: Buckler           |     8 |     9 ||    17

Table legend: (Time is in decaauts)
 A = Elapsed time spent in this place.
 B = Non-inter-level travel time spent in this place.
 C = Inter-level travel time spent in this place.
 D = Time resting spent in this place.
 E = Time spent auto-exploring this place.
 F = Levels seen in this place.
 G = Mean time per level.
                   A        B        C        D        E       F      G
               +--------+--------+--------+--------+--------+-----+--------+
         Total |   2812 |   2812 |      0 |      0 |   1431 |   4 |  703.0 |
       Dungeon |   2812 |   2812 |      0 |      0 |   1431 |   4 |  703.0 |
               +--------+--------+--------+--------+--------+-----+--------+

Top non-repeatable levels by time:
     D:1: 878 daAuts
     D:3: 705 daAuts
     D:4: 644 daAuts
     D:2: 583 daAuts
